Map: Nightshade LE

Players

Khun (Ranger) - Winner!

  • Race: Protoss Protoss
  • Spawn Location: 5:00

Prasertwit (StriKE)

  • Race: Terran Terran
  • Spawn Location: 11:00

Event: SEA Games 2019

VOD

https://youtu.be/cf6f8HBGIGo

Description

Time

  • Played on: Dec. 5, 2019, 9:08 p.m.
  • Length: 13:47

All games in this series

Show
View Real Time Build Order
Export as new Build Order

Khun Protoss - Winner!

Build Orders: 1 Gate Expand, Oracle Opening 

Get SALT Encoding   

  12  0:00  Probe  
  13  0:13  Probe  
  14  0:18  Pylon  
  14  0:25  Probe (Chrono Boost)  
  15  0:37  Probe (Chrono Boost)  
  15  0:40  Gateway  
  16  0:45  Probe (Chrono Boost)  
  16  0:46  Assimilator  
  17  0:51  Probe  
  18  1:03  Probe  
  19  1:15  Probe  
  20  1:25  Nexus  
  20  1:33  Cybernetics Core  
  20  1:38  Assimilator  
  20  1:40  Probe  
  21  1:47  Pylon  
  21  1:53  Probe  
  22  2:05  Probe  
  22  2:07  Adept (Chrono Boost)  
  25  2:17  Stargate  
  25  2:19  Probe  
  26  2:27  Warp Gate  
  26  2:29  Adept (Chrono Boost)  
  26  2:34  Probe (Chrono Boost)  
  29  2:37  Probe (Chrono Boost)  
  31  2:46  Probe (Chrono Boost)  
  31  2:47  Probe (Chrono Boost)  
  31  2:48  Pylon  
  32  2:54  Adept  
  32  2:56  Probe  
  32  2:57  Probe  
  36  3:02  Oracle (Chrono Boost)  
  39  3:12  Probe  
  40  3:16  Probe  
  41  3:24  Probe  
  42  3:27  Gateway  
  42  3:28  Gateway  
  42  3:30  Probe  
  43  3:35  Oracle (Chrono Boost)  
  43  3:39  Gateway x2  
  46  3:41  Probe  
  46  3:45  Probe  
  46  3:46  Pylon  
  48  3:54  Pylon  
  48  3:55  Shield Battery  
  48  4:07  Phoenix (Chrono Boost)  
  50  4:11  Probe  
  50  4:15  Probe  
  52  4:20  Stalker  
  53  4:34  Probe  
  53  4:37  Probe  
  55  4:46  Probe  
  55  4:48  Oracle  
  55  4:49  Probe  
  55  4:50  Assimilator  
  58  4:53  Assimilator  
  58  4:54  Twilight Council  
  58  4:56  Forge  
  58  4:57  Shield Battery  
  58  5:02  Stalker  
  58  5:04  Probe, Nexus  
  61  5:07  Probe  
  61  5:10  Pylon  
  62  5:19  Pylon  
  62  5:21  Probe, Protoss Ground Weapons Level 1  
  60  5:22  Pylon  
  60  5:24  Probe  
  60  5:27  Phoenix  
  60  5:30  Blink (Chrono Boost)  
  60  5:35  Probe  
  61  5:38  Probe  
  62  5:47  Probe  
  62  5:48  Stalker  
  65  5:50  Probe  
  66  5:59  Probe  
  66  6:00  Robotics Facility  
  66  6:02  Pylon  
  68  6:09  Zealot, Sentry  
  72  6:11  Probe  
  72  6:13  Probe  
  72  6:17  Stalker  
  75  6:19  Probe  
  72  6:26  Probe  
  72  6:30  Probe  
  74  6:34  Stalker x2  
  77  6:46  Probe  
  78  6:49  Immortal  
  78  6:51  Robotics Bay  
  78  6:52  Probe (Chrono Boost)  
  78  6:53  Probe (Chrono Boost)  
  84  6:55  Assimilator  
  84  6:59  Assimilator, Pylon, Probe (Chrono Boost)  
  85  7:04  Probe (Chrono Boost)  
  85  7:05  Probe (Chrono Boost)  
  87  7:10  Probe (Chrono Boost)  
  87  7:15  Stalker x2  
  90  7:16  Probe (Chrono Boost), Stalker  
  90  7:21  Probe  
  96  7:26  Pylon  
  96  7:27  Probe  
  97  7:30  Protoss Ground Armor Level 1  
  97  7:32  Charge  
  97  7:35  Colossus (Chrono Boost), Photon Cannon  
  103  7:58  Stalker x2  
  103  7:59  Stalker  
  103  8:00  Probe x2  
  111  8:05  Probe, Extended Thermal Lance (Chrono Boost)  
  113  8:21  Zealot, Colossus (Chrono Boost)  
  113  8:22  Zealot x2  
  124  8:28  Gateway  
  124  8:29  Gateway  
  124  8:33  Gateway  
  124  8:34  Gateway  
  124  8:38  Photon Cannon  
  123  8:46  Stalker  
  125  8:51  Pylon  
  125  8:52  Pylon  
  125  8:55  Pylon  
  125  9:02  Probe  
  125  9:03  Probe  
  125  9:10  Probe  
  125  9:13  Colossus (Chrono Boost)  
  126  9:21  Zealot  
  126  9:22  Zealot x3  
  130  9:29  Stalker x3  
  120  9:46  Stalker x4  
  120  9:50  Photon Cannon  
  120  9:52  Photon Cannon, Stalker  
  130  10:03  Pylon  
  130  10:05  Pylon  
  126  10:07  Dark Shrine  
  126  10:10  Zealot x4  
  134  10:38  Colossus (Chrono Boost)  
  134  10:40  Pylon  
  134  10:42  Protoss Ground Armor Level 2  
  134  10:55  Zealot x5  
  134  10:56  Zealot x2  
  136  11:01  Nexus  
  127  11:04  Pylon  
  123  11:14  Robotics Facility  
  123  11:19  Disruptor (Chrono Boost)  
  123  11:20  Dark Templar x4  
  134  11:26  Sentry x3  
  140  11:39  Forge  
  140  11:43  Pylon  
  140  11:44  Disruptor (Chrono Boost)  
  140  11:45  Photon Cannon  
  143  11:47  Photon Cannon  
  143  11:50  Photon Cannon  
  143  11:52  Shield Battery  
  143  12:01  Zealot x2  
  143  12:02  Zealot x3  
  149  12:09  Dark Templar x2  
  149  12:15  Disruptor  
  156  12:18  Probe x3  
  156  12:19  Probe  
  156  12:21  Disruptor  
  161  12:24  Sentry x2  
  147  12:37  Zealot x3  
  147  12:40  Probe x3  
  147  12:41  Probe, Templar Archives  
  157  12:49  Oracle  
  157  12:50  Disruptor  
  157  12:51  Sentry x2  
  165  12:52  Probe  
  132  13:16  Zealot x3  
  132  13:17  Zealot x4  
  137  13:33  Gateway  
  118  13:37  Gateway  
  118  13:38  Zealot x3  
  118  13:40  Zealot x3  
Show
View Real Time Build Order
Export as new Build Order

Prasertwit Terran 

Build Orders: Gas First Reaper Expand 

Get SALT Encoding   

  12  0:00  SCV  
  13  0:12  SCV  
  14  0:17  Supply Depot  
  14  0:25  SCV  
  15  0:30  Refinery  
  15  0:38  SCV  
  16  0:43  Barracks  
  16  0:50  SCV  
  17  1:03  SCV  
  18  1:15  SCV  
  19  1:30  Reaper, Orbital Command  
  20  1:45  Command Center  
  20  1:57  SCV  
  21  2:03  Factory  
  21  2:07  Barracks Reactor  
  21  2:09  SCV  
  22  2:17  Refinery  
  22  2:18  Supply Depot  
  22  2:21  SCV  
  23  2:39  SCV  
  24  2:47  Starport  
  24  2:51  SCV  
  24  2:54  Hellion  
  24  2:55  Hellion  
  29  3:01  Orbital Command  
  29  3:03  SCV  
  30  3:06  Barracks Tech Lab  
  30  3:16  SCV  
  31  3:24  Hellion x2  
  35  3:28  Medivac  
  37  3:35  Concussive Shells, Marauder  
  37  3:38  Bunker  
  37  3:39  SCV  
  40  3:47  SCV  
  41  3:50  Supply Depot  
  41  3:55  Widow Mine x2  
  45  4:00  Marauder  
  45  4:01  Supply Depot  
  43  4:16  SCV  
  42  4:21  SCV  
  41  4:39  Widow Mine x2  
  41  4:41  Viking  
  43  4:47  SCV  
  40  4:55  SCV  
  40  4:56  Liberator  
  41  5:01  Command Center  
  44  5:14  Marine x2  
  44  5:16  Cyclone  
  44  5:20  SCV  
  44  5:21  SCV  
  50  5:32  SCV  
  50  5:33  Marine x2, SCV  
  54  5:44  SCV  
  54  5:45  SCV  
  54  5:49  Barracks  
  56  5:50  Barracks  
  56  5:51  Marine x2  
  56  5:54  Factory Tech Lab  
  56  5:56  SCV  
  59  5:59  SCV  
  59  6:08  SCV  
  59  6:09  Marine x2  
  62  6:12  SCV  
  62  6:16  Supply Depot, Orbital Command  
  63  6:20  Refinery x2  
  63  6:26  Marine  
  63  6:27  Marine  
  63  6:32  SCV x2  
  67  6:36  Engineering Bay  
  67  6:37  Engineering Bay  
  62  6:49  Marine x2  
  62  6:50  SCV x2  
  66  6:54  Combat Shield, Marine x2, Stimpack  
  66  6:57  SCV  
  69  7:02  SCV  
  69  7:05  Starport Reactor, Factory Reactor  
  69  7:07  SCV  
  71  7:09  Terran Infantry Weapons Level 1, Terran Infantry Armor Level 1  
  71  7:11  Marine x2  
  71  7:19  Missile Turret  
  71  7:22  Marauder x2  
  75  7:23  SCV  
  75  7:29  SCV  
  77  7:33  Marine x2, Barracks  
  77  7:34  Supply Depot, Barracks  
  79  7:40  Orbital Command  
  79  7:41  SCV  
  79  7:44  Marauder x2  
  84  7:48  Medivac x2  
  84  7:51  Supply Depot x2  
  87  7:57  Marine  
  87  8:03  Widow Mine x2  
  87  8:05  Marauder x2  
  95  8:08  SCV  
  96  8:15  Supply Depot  
  96  8:18  Medivac x2  
  96  8:19  Supply Depot  
  100  8:21  Marine  
  100  8:22  Marine, Armory  
  102  8:29  Marauder x2  
  106  8:39  Marine  
  106  8:40  Widow Mine x2  
  111  8:47  SCV  
  111  8:51  Marauder  
  111  8:53  Marine  
  111  8:54  Marauder, Orbital Command  
  111  8:55  Medivac x2  
  117  8:59  Barracks Reactor  
  117  9:00  Barracks Tech Lab  
  117  9:02  SCV x2  
  121  9:06  Marine  
  122  9:12  Marauder  
  121  9:29  Marauder, Marine  
  120  9:33  Marauder  
  115  9:39  Marine  
  115  9:44  Viking x2, Widow Mine x2  
  118  9:46  Marauder, Marine x2  
  118  9:50  Marauder  
  124  9:55  Marauder  
  126  10:04  Marine  
  126  10:05  Marine  
  126  10:06  Marine  
  113  10:07  Marauder  
  113  10:12  Marauder  
  113  10:13  Starport, SCV x3  
  108  10:16  Marauder  
  110  10:23  Viking x2  
  114  10:31  Marine x2  
  114  10:32  Marauder  
  114  10:33  Marauder  
  114  10:34  Terran Infantry Weapons Level 2  
  118  10:38  Terran Infantry Armor Level 2  
  114  10:43  SCV x3  
  114  10:44  Missile Turret  
  114  10:47  Marine  
  114  10:48  Marauder  
  114  10:55  SCV x2  
  114  10:56  SCV  
  106  10:59  Marauder, Marine  
  103  11:10  Marauder x2, Marine x2  
  109  11:11  Medivac, Viking x2  
  109  11:12  Medivac  
  109  11:14  SCV x2  
  119  11:21  Marauder  
  119  11:24  Marine, Terran Ship Weapons Level 1  
  119  11:25  Marine  
  123  11:26  SCV  
  124  11:35  Supply Depot  
  124  11:39  Marauder x2, Marine  
  129  11:42  Marauder  
  131  11:50  Marine x2  
  131  11:51  Marine  
  131  11:53  Ghost Academy  
  133  11:57  Supply Depot, Marine  
  133  11:58  Supply Depot  
  133  12:00  Marauder, Orbital Command  
  133  12:01  Marauder  
  115  12:21  Viking x2  
  115  12:22  Viking x2  
  121  12:34  Marauder, Marine  
  114  12:46  SCV x3  
  114  12:49  Marauder, Marine x4  
  123  13:04  Marauder, Marine  
  109  13:13  Marine  
  109  13:14  Marauder  
  109  13:17  Marauder, Marine, SCV  
  109  13:18  SCV  
  113  13:21  Marine  
  113  13:25  Marauder  
  113  13:26  Marine  
Tags
 
Add a new tag
Caveats
  • Supply blocks, unpowered buildings, or Contaminate may cause inaccurate times.
  • Supply counts are checked every 10 seconds.